Map: Eastwatch LE

Players

monk - Winner!

  • Race: Zerg Zerg
  • League: Diamond
  • Spawn Location: 1:00

ILIEKEGGPIE

  • Race: Protoss Protoss
  • Spawn Location: 7:00

VOD

Have the link to the VOD?

Description

Time

  • Played on: April 4, 2018, 6:26 a.m.
  • Length: 6:52
Show
View Real Time Build Order
Export as new Build Order

monk Zerg - Winner!

Build Orders: Hatch First, Roach Nydus 

Get SALT Encoding   

  12  0:01  Drone  
  13  0:13  Overlord  
  13  0:18  Drone  
  14  0:31  Drone x2  
  16  0:37  Drone  
  17  0:57  Hatchery, Drone  
  18  1:00  Drone  
  18  1:11  Extractor  
  17  1:16  Spawning Pool  
  16  1:26  Drone x2  
  18  1:36  Drone  
  19  1:41  Drone  
  20  1:54  Overlord  
  20  1:56  Extractor  
  19  2:04  Zergling x2  
  19  2:06  Queen  
  22  2:09  Queen  
  22  2:10  Zergling x2  
  22  2:14  Zergling x2  
  26  2:24  Zergling x2  
  26  2:26  Drone  
  28  2:38  Drone x2  
  30  2:47  Lair  
  30  2:51  Drone, Roach Warren  
  30  2:55  Drone  
  30  2:57  Drone  
  32  3:05  Spore Crawler  
  31  3:08  Drone  
  31  3:11  Drone  
  33  3:17  Overlord  
  33  3:26  Overlord  
  32  3:28  Overlord  
  32  3:37  Queen  
  34  3:44  Roach  
  34  3:45  Roach  
  39  3:48  Drone  
  39  3:57  Roach x2  
  43  4:04  Roach x2  
  47  4:19  Roach x4  
  55  4:24  Overlord  
  55  4:28  Roach  
  55  4:30  Roach  
  59  4:43  Roach, Nydus Network  
  60  4:48  Roach  
  60  4:49  Roach  
  64  4:56  Overlord  
  64  4:57  Roach  
  66  5:00  Zergling x2  
  67  5:18  Roach  
  67  5:19  Roach x3  
  75  5:29  Nydus Canal  
  75  5:35  Overlord x3  
  69  6:11  Roach x6  
Show
View Real Time Build Order
Export as new Build Order

ILIEKEGGPIE Protoss 

Build Orders:  

Get SALT Encoding   

  12  0:01  Probe  
  13  0:14  Probe  
  14  0:25  Pylon  
  14  0:29  Probe (Chrono Boost)  
  15  0:44  Probe (Chrono Boost)  
  16  0:52  Gateway  
  16  0:54  Forge  
  16  0:57  Probe  
  16  1:02  Assimilator  
  17  1:10  Probe  
  18  1:22  Probe  
  19  1:30  Pylon  
  19  1:43  Cybernetics Core  
  19  1:52  Probe  
  20  1:57  Nexus  
  20  2:04  Probe  
  21  2:09  Assimilator  
  21  2:16  Probe  
  22  2:28  Probe  
  23  2:30  Warp Gate (Chrono Boost)  
  23  2:31  Photon Cannon  
  22  2:40  Probe (Chrono Boost)  
  23  2:50  Zealot (Chrono Boost)  
  26  2:52  Probe (Chrono Boost)  
  26  2:59  Probe (Chrono Boost)  
  26  3:04  Pylon  
  27  3:07  Probe  
  28  3:13  Probe  
  28  3:19  Probe  
  30  3:25  Probe  
  31  3:28  Gateway x2  
  31  3:31  Probe  
  31  3:33  Stalker  
  34  3:40  Probe (Chrono Boost)  
  35  3:44  Probe (Chrono Boost)  
  36  3:49  Robotics Facility  
  36  3:54  Probe (Chrono Boost)  
  37  3:56  Probe (Chrono Boost)  
  37  4:02  Assimilator, Probe  
  39  4:06  Assimilator, Probe (Chrono Boost)  
  39  4:09  Pylon  
  40  4:14  Probe (Chrono Boost)  
  42  4:23  Probe (Chrono Boost)  
  43  4:24  Probe (Chrono Boost)  
  45  4:32  Probe (Chrono Boost)  
  45  4:33  Probe (Chrono Boost)  
  45  4:34  Gateway  
  45  4:36  Probe (Chrono Boost)  
  45  4:37  Observer  
  46  4:41  Protoss Ground Weapons Level 1, Probe  
  48  4:48  Probe  
  49  4:53  Probe  
  49  4:59  Immortal  
  54  5:00  Probe  
  54  5:05  Probe  
  54  5:06  Stargate  
  56  5:24  Nexus  
  56  5:27  Pylon  
  56  5:30  Pylon, Probe  
  56  5:33  Stalker  
  56  5:34  Stalker, Assimilator  
  61  5:36  Assimilator  
  61  5:40  Pylon  
  61  5:46  Gateway  
  61  5:47  Gateway  
  61  5:50  Stalker  
  61  5:51  Stalker  
  51  6:05  Stalker x2  
  44  6:20  Stalker x2  
Tags
 
League
Diamond
Matchup
PvZ
Replay Pack
Multi
Spawn Locations
Cross Positions
Strategy
Roach Nydus
Add a new tag
Caveats
  • Supply blocks, unpowered buildings, or Contaminate may cause inaccurate times.
  • Supply counts are checked every 10 seconds.